 Dungeon Crawl Stone Soup version 0.22-a0-433-gd2a9cce (webtiles) character file.

177 nikopol the Firebug (level 5, 0/28 HPs)
             Began as a Deep Elf Fire Elementalist on May 28, 2018.
             Killed by divine providence
             ... invoked by an orc priest
              (10 damage)
             ... on level 3 of the Dungeon.
             The game lasted 00:07:54 (2422 turns).

nikopol the Firebug (Deep Elf Fire Elementalist)    Turns: 2422, Time: 00:07:55

Health: 0/28       AC:  2    Str:  5    XL:     5   Next: 30%
Magic:  7/13       EV: 13    Int: 21    God:
Gold:   186        SH:  0    Dex: 15    Spells: 2/12 levels left

rFire    . . .     SeeInvis .   (no weapon)
rCold    . . .     Gourm    .   (no shield)
rNeg     . . .     Faith    .   a - +0 robe
rPois    .         Spirit   .   (no helmet)
rElec    .         Reflect  .   (no cloak)
rCorr    .         Harm     .   (no gloves)
MR       +....                  (no boots)
Stlth    ++........             (no amulet)
HPRegen  0.09/turn              l - ring of protection from magic
MPRegen  0.13/turn              (no ring)

@: very slightly contaminated
A: no striking features
a: no special abilities


You were on level 3 of the Dungeon.
You were not hungry.

You visited 1 branch of the dungeon, and saw 3 of its levels.

You collected 186 gold pieces.

Inventory:

Armour
 a - a +0 robe (worn)
Jewellery
 l - a ring of protection from magic (left hand)
 s - an uncursed ring of resist corrosion {unknown}
Wands
 m - a wand of iceblast (9)
Scrolls
 b - 3 scrolls of amnesia {unknown}
 e - 2 scrolls of enchant armour {unknown}
 i - 5 scrolls of remove curse {unknown}
 j - 2 scrolls of identify {unknown}
 o - a scroll of magic mapping {unknown}
 r - a scroll of teleportation {unknown}
Potions
 d - a potion of might {unknown}
 f - a potion of lignification {unknown}
 g - a potion of agility {unknown}
 h - a potion of curing {unknown}
 k - 2 potions of degeneration {unknown}
 p - 2 potions of brilliance {unknown}
 q - a potion of haste {unknown}
Comestibles
 c - 5 rations
 n - 5 chunks of flesh


   Skills:
 + Level 3.2 Dodging
 + Level 3.0 Stealth
 + Level 4.3 Spellcasting
 + Level 1.8 Conjurations
 + Level 5.2 Fire Magic


You had 2 spell levels left.
You knew the following spells:

 Your Spells              Type           Power        Failure   Level  Hunger
a - Flame Tongue          Conj/Fire      ###..        2%          1    None
b - Throw Flame           Conj/Fire      ###...       4%          2    #......
c - Conjure Flame         Conj/Fire      ###.....     9%          3    ##.....
d - Sticky Flame          Conj/Fire      ###.....     26%         4    ####...

Your spell library contained the following spells:

 Spells                   Type           Power        Failure   Level  Hunger
 Fireball                 Conj/Fire      ###.......   58%         5    ######.
 Inner Flame              Hex/Fire       ###.....     12%         3    ##.....


Dungeon Overview and Level Annotations

Branches:
Dungeon (3/15)

Altars:
Hepliaklqana
Nemelex Xobeh
Okawaru
Trog


Message History

Confirm with . or Enter, or press ? or * to list all spells.
Aiming: Flame Tongue (safe; 2% risk of failure)
Press: ? - help, Shift-Dir - straight line, f/p - orc
Aim: an orc, wielding a short sword (moderately wounded)
The flame tongue hits the orc.
The orc is severely wounded.
The orc priest shouts!
The orc hits you with a short sword.
The orc priest calls down the wrath of Beogh upon you.
Beogh smites you!
Casting: Flame Tongue (safe; 2% risk of failure)
Confirm with . or Enter, or press ? or * to list all spells.
Aiming: Flame Tongue (safe; 2% risk of failure)
Press: ? - help, Shift-Dir - straight line, f/p - orc
Aim: an orc, wielding a short sword (severely wounded)
The flame tongue hits the orc.
You kill the orc!
The orc priest calls down the wrath of Beogh upon you.
Beogh smites you!
You die...

#.#...##.......#####
#.##.###.......#
#.######.......#
#.#.....(.###.##
#.............#
###.#####.##### #.#
#.# #.# #.# #@# #.#
#)# #.# #!# #.# o..
###


You could see an orc priest.

Vanquished Creatures
  Jessica (D:2)
  An orc wizard (D:3)
  A worker ant (D:3)
  3 adders
  A worm (D:3)
  6 leopard geckos
  7 orcs (D:3)
  A giant cockroach (D:2)
  7 goblins
  12 hobgoblins
  A quokka (D:3)
  A ball python (D:2)
  3 bats
  6 frilled lizards
  2 kobolds (D:2)
  8 rats
61 creatures vanquished.

Notes
Turn   | Place    | Note
-------+----------+-------------------------------------------
     0 | D:1      | nikopol the Deep Elf Fire Elementalist began the quest for the Orb.
     0 | D:1      | Reached XP level 1. HP: 10/10 MP: 6/6
   428 | D:1      | Reached XP level 2. HP: 15/15 MP: 5/8
   712 | D:2      | Reached skill level 4 in Fire Magic
   766 | D:2      | Reached XP level 3. HP: 16/19 MP: 5/9
  1103 | D:2      | Learned a level 2 spell: Throw Flame
  1107 | D:2      | Learned a level 3 spell: Conjure Flame
  1359 | D:2      | Found a sparkling altar of Nemelex Xobeh.
  1359 | D:2      | Noticed Jessica
  1362 | D:2      | Killed Jessica
  1362 | D:2      | Reached XP level 4. HP: 16/24 MP: 5/11
  1698 | D:3      | Found an iron altar of Okawaru.
  1699 | D:3      | Found a bloodstained altar of Trog.
  1938 | D:3      | Reached skill level 5 in Fire Magic
  1948 | D:3      | Learned a level 4 spell: Sticky Flame
  2025 | D:3      | Reached XP level 5. HP: 23/28 MP: 3/13
  2283 | D:3      | Found a hazy altar of Hepliaklqana.
  2422 | D:3      | Killed from afar by an orc priest

Vault maps used:
D:1:      tarquinn_simple_flora_water_c
D:2:      nemelex_lonely_heart_becter
D:3:      nicolae_overflow_hidden_temple, marbit_many_paths

Skill      XL: |  1  2  3  4  5 |
---------------+----------------+-----
Fire Magic     | 4 5 |  5.2
Spellcasting   | 4 |  4.3
Dodging        | 3 |  3.2
Stealth        | 3 |  3.0
Conjurations   | |  1.8

Action                   |  1- 3 |  4- 6 || total
-------------------------+-------+-------++-------
 Cast: Flame Tongue      |    51 |    63 ||   114
       Throw Flame       |     2 |     4 ||     6
       Sticky Flame      |       |     1 ||     1
  Eat: Chunk             |     1 |     4 ||     5
Armor: Robe              |     1 |     2 ||     3
Dodge: Dodged            |    14 |     7 ||    21

Table legend:
 A = Spawn XP
 B = Non-spawn XP
 C = Spawn XP percentage of total XP
 D = Spawn monster count
 E = Non-spawn monster count
 F = Spawn count percentage of total count
 G = Total turns spent on level
                    A         B        C        D         E        F      G
               +---------+---------+-------+---------+---------+-------+---------
         Total |       0 |     253 |   0.0 |       0 |      61 |   0.0 |  2422
               +---------+---------+-------+---------+---------+-------+---------
           D:1 |       0 |      12 |   0.0 |       0 |       7 |   0.0 |   611
           D:2 |       0 |     105 |   0.0 |       0 |      27 |   0.0 |  1127
           D:3 |       0 |     136 |   0.0 |       0 |      27 |   0.0 |   684
               +---------+---------+-------+---------+---------+-------+---------
